← All builds
Air / Legion / Economy first / OBSERVED BUILD

Standard air

Legion Air build order · Supreme Isthmus

Legion air player opens with Drone Plant and builds up economy with an Advanced Metal Extractor around 7 minutes, mostly holding off aircraft production early while supporting the team with transports and later Noctua bombers or other…

Usually no aircraft (83%)

#eco #air #team support · 52 distinct matches · 31 players · 78% of Legion Air games · team won 61% of 59 · Recently observed

HOW TO PLAY IT

Key timing: Legion Drone Plant by 1:21

  1. Take mex and wind while queuing the drone plant early.
  2. Get the drone plant up before 1:33 to start the economy base.
  3. Add an advanced mex to keep scaling economy for the team.
  4. Bring a fusion reactor online to support later tech.
  5. Supply allies with Noctua, Aeolus and Hippotes while building Noctua bombers.

Phase by phase

TYPICAL OF ITS 52 GAMES
  1. 1
  2. 2
  3. 3
PLAY THE OPENING

Follow the example game's first 6:00 step by step: what to build now, what comes next, and where it goes. At 1× it keeps pace with your own game.

  1. 1

    Up to the Legion Drone Plant

    Economy
    • Metal Extractor3Mex
    • Wind Turbine4Wind
    Order
    1. Legion Drone PlantLegion Drone Plant after 3 mex, 4 winddone ~1:24, middle half 1:16–1:35

    Some games also: energy storage (32%)

    By 1:03 in all: 3 mex · 4 wind

    The example game in this phase · 5 steps
    1. Mex ×3
    2. Wind ×4
    3. Energy storage
    4. Wind ×2
    5. Legion Drone PlantLegion Drone Plantdone 1:46 · typical 1:24
  2. 2

    Legion Drone Plant to 5:00

    Economy
    • Metal Extractor1Mex
    • Wind Turbine11Wind
    • Wind Turbine3Wind
    • Energy Storage1Energy storage
    Builders
    • Construction Turret2 Con turret
    • Legion Construction Aircraft1 Legion Construction Aircraft
    Army
    • Noctua11 Noctua
    • Noctua2 Noctua for allies
    • Aeolus2 Aeolus for allies
    • Hippotes1 Hippotes for allies

    Some games also: converter (36%) · mex (32%) · con turret (31%)

    By 5:00 in all: 3 mex · 1 mex · 15 wind · 3 wind · 1 energy storage · 2 con turret

    The example game in this phase · 16 steps
    1. NoctuaNoctua ×2for Beach sea
    2. MartyrMartyr ×2
    3. AeolusAeolus ×2for Geo sea
    4. HippotesHippotes
    5. NoctuaNoctua ×9
    6. VisionVision
    7. NoctuaNoctua
    8. AeolusAeolusfor Tech
    9. Legion Construction AircraftLegion Construction Aircraft
    10. NoctuaNoctua ×3
    11. AeolusAeolusfor Tech
    12. NoctuaNoctua
    13. Con turret
    14. Legion Construction AircraftLegion Construction Aircraft
    15. Con turret ×2
    16. HippotesHippotesfor Geo sea
  3. 3

    5:00 to 10:00

    Economy
    • Wind Turbine18Wind
    • Wind Turbine2Wind
    • Energy Converter7Converter
    Order
    1. Legion Drone PlantEat Legion Drone Plant in 75% of games
    Builders
    • Construction Turret3 Con turret
    Army
    • Noctua21 Noctua

    Some games also: Legion Drone Plant (47%) · fusion (41%) · aeolus (36%) · mosquito (34%) · Legion Construction Aircraft (34%)

    By 10:00 in all: 3 mex · 1 mex · 24 wind · 20 wind · 8 converter · 1 energy storage

    The example game in this phase · 183 steps
    1. Legion Construction AircraftLegion Construction Aircraft
    2. NoctuaNoctua
    3. NoctuaNoctuafor Geo
    4. NoctuaNoctua ×3
    5. HippotesHippotesfor Pond
    6. Advanced Metal ExtractorT2 mexdone 6:16 · typical 7:03
    7. NoctuaNoctua
    8. Legion Construction AircraftLegion Construction Aircraft
    9. Mex
    10. Advanced Metal ExtractorT2 mex
    11. Wind
    12. Legion Drone PlantEat Legion Drone Plantreclaimed for its metal
    13. Converter
    14. Wind ×2
    15. Advanced Metal ExtractorT2 mex
    16. Wind
    17. Converter
    18. Wind ×3
    19. Converter
    20. Advanced Metal ExtractorT2 mex
    21. Con turret
    22. Wind
    23. Con turret
    24. Wind
    25. Con turret ×2
    26. Converter
    27. Wind
    28. Con turret ×2
    29. Wind
    30. Legion Drone PlantLegion Drone Plantdone 8:18
    31. Converter
    32. Fusion ReactorFusiondone 9:41 · typical 10:29
    33. Wind ×2
    34. Converter
    35. Wind
    36. Converter
    37. AeolusAeolus
    38. Wind
    39. NoctuaNoctua
    40. Converter
    41. Wind
    42. NoctuaNoctua
    43. Wind
    44. NoctuaNoctua
    45. Wind
    46. NoctuaNoctua
    47. Wind
    48. NoctuaNoctua
    49. Wind
    50. Converter
    51. NoctuaNoctua
    52. Wind
    53. NoctuaNoctua
    54. Converter
    55. NoctuaNoctua
    56. Wind
    57. NoctuaNoctua ×2
    58. Wind
    59. Converter
    60. NoctuaNoctua
    61. Wind
    62. NoctuaNoctua
    63. Converter
    64. Wind
    65. NoctuaNoctua
    66. Wind
    67. NoctuaNoctua
    68. Converter
    69. Wind
    70. NoctuaNoctua
    71. Converter
    72. NoctuaNoctua
    73. Wind
    74. NoctuaNoctua
    75. MosquitoMosquito
    76. Converter
    77. MosquitoMosquito
    78. Wind
    79. Converter
    80. MosquitoMosquito
    81. Wind
    82. MosquitoMosquito
    83. Wind
    84. MosquitoMosquito
    85. Wind
    86. MosquitoMosquito ×2
    87. Wind
    88. MosquitoMosquito ×4
    89. Wind
    90. MosquitoMosquito
    91. Wind
    92. MosquitoMosquito
    93. Wind
    94. MosquitoMosquito
    95. Wind
    96. MosquitoMosquito
    97. Wind
    98. MosquitoMosquito
    99. Wind
    100. MosquitoMosquito
    101. Wind
    102. MosquitoMosquito ×2
    103. Wind
    104. MosquitoMosquito
    105. Wind
    106. NoctuaNoctua
    107. Wind
    108. NoctuaNoctua
    109. Wind
    110. NoctuaNoctua
    111. Wind
    112. NoctuaNoctua
    113. Wind
    114. NoctuaNoctua
    115. Wind
    116. NoctuaNoctua
    117. Wind
    118. NoctuaNoctua ×2
    119. Wind
    120. NoctuaNoctua ×2
    121. Wind
    122. NoctuaNoctua ×3
    123. Wind
    124. NoctuaNoctua ×3
    125. Wind
    126. NoctuaNoctua ×2
    127. Wind
    128. NoctuaNoctua ×2
    129. Wind
    130. NoctuaNoctua ×2
    131. Wind
    132. NoctuaNoctua ×2
    133. Wind
    134. NoctuaNoctua ×2
    135. Wind
    136. NoctuaNoctua ×2
    137. Wind
    138. NoctuaNoctua ×2
    139. Wind
    140. NoctuaNoctua ×2
    141. Wind
    142. NoctuaNoctua ×2
    143. Wind
    144. NoctuaNoctua ×2
    145. Wind
    146. NoctuaNoctua ×3
    147. Wind
    148. NoctuaNoctua ×3
    149. Wind
    150. NoctuaNoctua ×4
    151. Wind
    152. NoctuaNoctua ×21
    153. Con turret
    154. Fusion ReactorFusion
    155. NoctuaNoctua
    156. Con turret
    157. NoctuaNoctua
    158. Con turret ×2
    159. NoctuaNoctua ×2
    160. Con turret
    161. NoctuaNoctua ×2
    162. Con turret
    163. NoctuaNoctua ×2
    164. Con turret
    165. NoctuaNoctua
    166. Con turret
    167. NoctuaNoctua
    168. Con turret
    169. NoctuaNoctua ×20
    170. Converter
    171. Legion Advanced Aircraft PlantLegion Advanced Aircraft Plantnot finished by 15:00
    172. NoctuaNoctua ×2
    173. Converter
    174. NoctuaNoctua
    175. Converter
    176. NoctuaNoctua
    177. Converter
    178. NoctuaNoctua
    179. Converter
    180. NoctuaNoctua
    181. Converter
    182. NoctuaNoctua
    183. Converter

Counts are medians over the build's games: half of them build more, half fewer. The example game is XuunnY's (33 OS, 06/09/2026); pick another.

Team trades

IN AT LEAST 30% OF ITS GAMES

You hand over

  • Noctua2 Noctua to Geo or Geo sea or Beach seafirst at 1:50 · in 92% of games
  • Aeolus3 Aeolus to Tech or Geo sea or Beach seafirst at 2:18 · in 100% of games
  • Hippotes1 Hippotes to Beach seafirst at 2:33 · in 61% of games

You get

  • Wind Turbine3 Wind from Beach sea or Geo seafirst at 1:28 · in 39% of games
  • Wind Turbine2 Wind from Geo sea or Beach seafirst at 1:31 · in 41% of games
  • Construction Bot1 Con bot from Techfirst at 2:24 · in 76% of games
  • Advanced Construction Bot1 T2 con bot from Techfirst at 6:03 · in 85% of games

How it plays out

Typical game of this build, running totals by minute

Metal produced

010k20k30k
0:005:0010:0015:00

metal

Enemy metal destroyed

01k2k3k
0:005:0010:0015:00

metal

Own metal lost

01k2k3k
0:005:0010:0015:00

metal

59 games.

Show as table
ByMetal produced: This buildEnemy metal destroyed: This buildOwn metal lost: This build
1:0039100
2:0091500
3:00145000
4:0020234040
5:0027096080
6:003519145120
7:004740212150
8:006308255200
9:008574360206
10:0011072433360
11:0013546609411
12:0016288721720
13:00189829011300
14:002236313291575
15:002559821702023
WHAT THE NUMBERS SAY

This Legion air baseline wins half its games, with far lower losses and kills than the front-facing roles by 15:00.

  • + Lowest own metal lost among air builds shown, 1850 by 15:00.
  • − Enemy metal destroyed stays low at 2055 by 15:00, little offensive impact.
THE EXAMPLE YOU ARE READING

XuunnY

33.0 OS · 06/09/2026

Open source match ↗

5 received units · includes a constructor
1168 metal received · 65698 energy received

Allied construction assistance is unknown. Timings are observations, not a promise of solo reproducibility.

Typical milestones

Legion Drone Plant1:24Middle 50%: 1:16–1:35 · n=59
Advanced Metal Extractor7:03Middle 50%: 6:25–7:36 · n=51
Fusion Reactor10:29Middle 50%: 9:47–11:41 · n=33

Played most by

Hunfore6games of this buildBoozha5games of this buildTheGeneraI5games of this buildXuunnY5games of this buildAlexspeed3games of this build